 Dungeon Crawl Stone Soup version 0.28.0 (webtiles) character file.

Game seed: 13570069361979159680

250 GrayStillPlays the Skirmisher (level 5, -11/42 HPs)
             Began as a Demonspawn Fighter on Feb 13, 2022.
             Killed by nerve-wracking pain
             ... invoked by Grinder
              (14 damage)
             ... while paralysed by Grinder
             ... on level 3 of the Dungeon.
             The game lasted 00:06:23 (4469 turns).

GrayStillPlays the Skirmisher (Demonspawn Fighter)  Turns: 4469, Time: 00:06:23

Health: -11/42     AC:  8    Str: 17    XL:     5   Next: 88%
Magic:  8/8        EV:  2    Int: 11    God:
Gold:   90         SH:  0    Dex: 12    Spells: 8/8 levels left

rFire   . . .      SeeInvis .   j - +3 short sword {short}
rCold   . . .      Faith    .   c - +0 buckler
rNeg    . . .      Spirit   .   b - +0 scale mail
rPois   .          Reflect  .   (helmet restricted)
rElec   .          Harm     .   (no cloak)
rCorr   .          Rampage  .   (no gloves)
Will    .....                   (no boots)
Stlth   ..........              (no amulet)
HPRegen 0.14/turn               (no ring)
MPRegen 0.22/turn               (no ring)

@: paralysed, mighty
A: antennae 1, slimy green scales 1, magic regeneration
a: no special abilities


You were on level 3 of the Dungeon.
You visited 1 branch of the dungeon, and saw 4 of its levels.

You collected 90 gold pieces.


Innate Abilities, Weirdness & Mutations

You have a pair of small antennae on your head.
You are partially covered in slimy green scales. (AC +2)
You regenerate magic rapidly.


   Skills:
 + Level 4.1 Fighting
 - Level 2.0 Axes
 - Level 2.8 Armour
 + Level 1.9 Dodging
 + Level 3.7 Shields
 + Level 2.0 Spellcasting
 + Level 1.3 Transmutations


You had 8 spell levels left.
You didn't know any spells.
Your spell library contained the following spells:

 Spells                   Type           Power      Damage    Failure   Level
 Magic Dart               Conj           4%         1d3       77%         1
 Call Imp                 Summ           1%         N/A       88%         2
 Mephitic Cloud           Conj/Pois/Air  1%         N/A       98%         3

Inventory:

Hand Weapons
 a - a +0 war axe {axe}
 j - a +3 short sword (weapon) {short}
   (You found it on level 1 of the Dungeon)
Missiles
 f - 36 stones (quivered) {throwing}
 r - 24 arrows
 s - 13 bolts
Armour
 b - a +0 scale mail (worn)
 c - a +0 buckler (worn)
 m - a +0 helmet
   (You found it on level 1 of the Dungeon)
Jewellery
 k - a ring of fire
   (You found it on level 1 of the Dungeon)
Scrolls
 g - a scroll of enchant armour {unknown}
 h - a scroll of torment {unknown}
 l - a scroll of immolation {unknown}
 n - a scroll of noise {unknown}
 o - 3 scrolls of identify {unknown}
Potions
 e - 4 potions of brilliance {unknown}
 i - a potion of magic {unknown}
 p - a potion of flight {unknown}
 q - a potion of curing {unknown}

Dungeon Overview and Level Annotations

Branches:
Dungeon (4/15)
 Temple: D:4-7

Altars:
Vehumet
Yredelemnul

Annotations:
D:3 Grinder

.....#.....#.##.. ###
#............... ...
#....#......# ..##.. #
..####.....## .... .# ..#
#####.## #..# ..# ..##
#..## #..# ...# ...#
#...###..###....# .#.##
#....#...(......# ....#
#.#..#....@..5..#
##..###.#....###..###....#
##..........## #..# #...#
...####.##.# #..# #..#
#### #. #.# .... ..# # ..
..##.. .# #. ... ... #
##.. ####


You could see Grinder (fast).


Message History

Found a stone staircase leading down.
You see here a hobgoblin corpse.
There is an escape hatch in the floor here.
There is a stone staircase leading down here.
You see here a hobgoblin corpse.
You see here a +0 ring mail.
An adder comes into view.
The adder hisses angrily.
No target in view!
No target in view!
No target in view!
No target in view!
An adder is nearby!
Found 5 gold pieces.
Found a radiant altar of Vehumet.
The adder barely misses you. The adder bites you but does no damage.
You hit the adder. You block the adder's attack.
You puncture the adder!
You kill the adder!
No target in view!
No target in view!
No target in view!
You see here an adder corpse.
You now have 90 gold pieces (gained 5).
You see here an adder corpse.
You see here an adder corpse.
A quokka comes into view.
A quokka is nearby!
The quokka barely misses you. x2
You closely miss the quokka. The quokka closely misses you.
You puncture the quokka!
You kill the quokka!
No target in view!
No target in view!
s - 13 bolts Grinder comes into view.
Grinder shouts!
Grinder blinks!
You feel very mighty all of a sudden.
Grinder says, "DUCK!"
Grinder blinks!
Grinder drinks a potion.
Grinder seems to speed up.
Grinder closely misses you. Grinder gestures at you.
You suddenly lose the ability to move!
Grinder hits you.
You writhe in agony.
You can move again. 😕 HP[-3]
You take 3 damage, and now have 39/42 hp.
You hit Grinder but do no damage. Grinder hits you but does no damage. x2
You barely miss Grinder. Grinder hits you but does no damage.
Grinder barely misses you.
You puncture Grinder! You block Grinder's attack.
Grinder says, "Tell me all your secrets, or I'll kill you."
Grinder hits you.
You writhe in agony. 😕 HP[-3]
You take 3 damage, and now have 36/42 hp.
You hit Grinder. Grinder hits you!
You writhe in agony. 😮 HP[-11]
You take 11 damage, and now have 25/42 hp.
MASSIVE DAMAGE!! (PAUSE)
You hit Grinder. Grinder gestures at you. Pain shoots through your body!
* * * LOW HITPOINT WARNING * * *
Grinder closely misses you. 😨 HP[-5]
You take 5 damage, and now have 20/42 hp.
You closely miss Grinder. Grinder barely misses you.
Grinder closely misses you. 😨 HP[+1]
You barely miss Grinder. Grinder barely misses you.
You puncture Grinder! Grinder hits you.
* * * LOW HITPOINT WARNING * * *
You writhe in agony.
* * * LOW HITPOINT WARNING * * *
Grinder hits you.
* * * LOW HITPOINT WARNING * * *
😨 HP[-7]
You take 7 damage, and now have 14/42 hp.
You closely miss Grinder. Grinder hits you.
* * * LOW HITPOINT WARNING * * *
You writhe in agony.
* * * LOW HITPOINT WARNING * * *
You block Grinder's attack. 😱 HP[-7]
You take 7 damage, and now have 7/42 hp.
You hit Grinder. Grinder hits you.
* * * LOW HITPOINT WARNING * * *
You writhe in agony.
* * * LOW HITPOINT WARNING * * *
Grinder blinks! 😱 HP[-5]
You take 5 damage, and now have 2/42 hp. 😱 HP[+1] Grinder gestures at you.
You suddenly lose the ability to move!
Grinder gestures at you. Pain shoots through your body!
You die...

Skill      XL: |  1  2  3  4  5 |
---------------+----------------+-----
Axes           | 2 |  2.0
Shields        | 3 |  3.7
Dodging        | 1 |  1.9
Spellcasting   | 1 2 |  2.0
Transmutations | 1 |  1.3
Fighting       | 4 |  4.1
Armour         | |  2.8

Action                   |  1- 3 |  4- 6 || total
-------------------------+-------+-------++-------
Melee: War axe           |    54 |       ||    54
       Short sword       |    52 |   164 ||   216
Throw: Stone             |       |     4 ||     4
  Use: Potion            |       |     2 ||     2
Armor: Scale mail        |    48 |    66 ||   114
Dodge: Dodged            |    39 |    91 ||   130
Block: Buckler           |    26 |    45 ||    71

Levels and vault maps discovered:
D:1:      dpeg_chamrin_arrival_tetris, layout_rooms,
          dilly_ecumenical_altar_fadedgnrine, interstate_on_off,
          minmay_distorted
D:2:      layout_basic, minmay_hexomino_f4
D:3:      layout_loops_cross, lemuel_blue_sif_altar,
          mainiacjoe_overflow_catwalk, nicolae_overflow_crystal_walls,
          palyth_stone_intersect, uniq_grinder, uniq_terence
D:4:      layout_rooms, grunt_temple_overflow_forces_of_nature, temple_hall

Notes
Turn   | Place    | Note
-------+----------+-------------------------------------------
     0 | D:1      | GrayStillPlays the Demonspawn Fighter began the quest for
                  | the Orb.
     0 | D:1      | Reached XP level 1. HP: 18/18 MP: 1/1
     0 | D:1      | magus.rc [v1.9.6]
   164 | D:1      | Reached skill level 2 in Axes
   164 | D:1      | Gained mutation: You regenerate magic rapidly. [demonic
                  | ancestry]
   164 | D:1      | Reached XP level 2. HP: 13/24 MP: 2/2
   601 | D:1      | Reached skill level 3 in Shields
   603 | D:1      | Gained mutation: You have a pair of small antennae on your
                  | head. [demonic ancestry]
   603 | D:1      | Reached XP level 3. HP: 24/29 MP: 3/3
   988 | D:1      | You pick up a book of Minor Magic and begin reading...
   988 | D:1      | You add the spells Magic Dart, Call Imp and Mephitic Cloud
                  | to your library.
  1170 | D:1      | Found a faded altar of an unknown god.
  1692 | D:2      | Reached skill level 1 in Dodging
  1692 | D:2      | Reached skill level 1 in Spellcasting
  1775 | D:2      | Gained mutation: You are partially covered in slimy green
                  | scales. (AC +2) [demonic ancestry]
  1775 | D:2      | Reached XP level 4. HP: 25/35 MP: 5/5
  2007 | D:2      | HP: 9/36 [worm (7)]
  2845 | D:3      | Noticed Terence
  2860 | D:3      | HP: 6/37 [Terence (8)]
  3124 | D:3      | Killed Terence
  3373 | D:3      | Found a basalt altar of Yredelemnul.
  3410 | D:3      | Reached XP level 5. HP: 42/42 MP: 7/7
  3520 | D:3      | Reached skill level 1 in Transmutations
  3640 | D:3      | You fall into a shaft and drop 1 floor!
  3669 | D:4      | HP: 10/42 [gnoll (1)]
  3671 | D:4      | Reached skill level 4 in Fighting
  3712 | D:4      | HP: 7/42 [gnoll (4)]
  3737 | D:4      | HP: 8/42 [adder (3)]
  3741 | D:3      | HP: 3/42 [poisoned by an adder]
  4171 | D:3      | Reached skill level 2 in Spellcasting
  4372 | D:3      | Found a radiant altar of Vehumet.
  4445 | D:3      | Noticed Grinder
  4453 | D:3      | Paralysed by Grinder for 2 turns
  4463 | D:3      | HP: 10/42 [Grinder (4)]
  4464 | D:3      | HP: 3/42 [Grinder (4)]
  4468 | D:3      | Paralysed by Grinder for 7 turns
  4469 | D:3      | Killed from afar by Grinder

Vanquished Creatures
  Terence (D:3)
  5 gnolls
  7 adders
  6 worms
  8 dart slugs
  3 orcs (D:3)
  3 ball pythons
  5 bats
  6 endoplasms
  4 giant cockroaches (D:3)
  6 goblins
  7 hobgoblins
  7 jackals
  5 kobolds
  A quokka (D:3)
  4 rats
78 creatures vanquished.

Vanquished Creatures (others)
  3 fungi (D:4)
  2 plants (D:4)
5 creatures vanquished.

Grand Total: 83 creatures vanquished

Table legend:
 A = Non-vault XP
 B = Vault XP
 C = Vault XP percentage of total XP
 D = Non-vault monster count
 E = Vault monster count
 F = Vault count percentage of total count
                 A         B        C        D         E       F
            +---------+---------+-------+---------+---------+-------
      Total |     283 |      75 |  20.9 |      70 |       8 |  10.3
            +---------+---------+-------+---------+---------+-------
        D:1 |      43 |       7 |  14.0 |      19 |       4 |  17.4
        D:2 |      60 |      32 |  34.8 |      15 |       3 |  16.7
        D:3 |     149 |      36 |  19.5 |      33 |       1 |   2.9
        D:4 |      31 |       0 |   0.0 |       3 |       0 |   0.0
            +---------+---------+-------+---------+---------+-------

Illustrated notes

Table legend:
 A = Kills in this place as a percentage of kills in entire the game.
 B = Kills by you in this place as a percentage of kills by you in the entire game.
 C = Kills by friends in this place as a percentage of kills by friends in the entire game.
 D = Other kills in this place as a percentage of other kills in the entire game.
 E = Experience gained in this place as a percentage of experience gained in the entire game.
 F = Experience gained in this place divided by the number of levels of this place that you have seen.
                   A       B       C       D       E      F
               +-------+-------+-------+-------+-------+----------------------
         Total | 100.0 | 100.0 |   N/A |   N/A | 100.0 |  89.5
       Dungeon | 100.0 | 100.0 |   N/A |   N/A | 100.0 |  89.5
               +-------+-------+-------+-------+-------+----------------------

Table legend: (Time is in decaauts)
 A = Elapsed time spent in this place.
 B = Non-inter-level travel time spent in this place.
 C = Inter-level travel time spent in this place.
 D = Time resting spent in this place.
 E = Time spent auto-exploring this place.
 F = Levels seen in this place.
 G = Mean time per level.
                   A        B        C        D        E       F      G
               +--------+--------+--------+--------+--------+-----+--------+
         Total |   4523 |   4383 |    140 |    500 |   3213 |   4 | 1130.8 |
       Dungeon |   4523 |   4383 |    140 |    500 |   3213 |   4 | 1130.8 |
               +--------+--------+--------+--------+--------+-----+--------+

Top non-repeatable levels by time:
     D:2: 1761 daAuts
     D:3: 1405 daAuts
     D:1: 1255 daAuts
     D:4: 99 daAuts
